 Dungeon Crawl Stone Soup version 0.21.1-1-g345015f (webtiles) character file.

80 letownia2 the Poker (level 4, -2/33 HPs)
             Began as a Merfolk Skald on Mar 13, 2018.
             Slain by a quokka (4 damage)
             ... on level 2 of the Dungeon.
             The game lasted 00:03:45 (495 turns).

letownia2 the Poker (Merfolk Skald)                  Turns: 495, Time: 00:03:45

Health: -2/33      AC:  4    Str: 11    XL:     4   Next: 39%
Magic:  0/7        EV: 12    Int: 13    God:
Gold:   58         SH:  0    Dex: 13    Spells: 1/7 levels left

rFire    . . .     SeeInvis .   a - +0 spear
rCold    . . .     Gourm    .   (no shield)
rNeg     . . .     Faith    .   b - +0 leather armour
rPois    .         Spirit   .   k - +0 helmet
rElec    .         Reflect  .   (no cloak)
rCorr    .         Harm     .   (no gloves)
MR       .....                  (no boots)
Stlth    ..........             (no amulet)
HPRegen  0.11/turn              h - ring of loudness (curse)
MPRegen  0.10/turn              (no ring)

@: shrouded, very slightly contaminated
A: change form in water, swift swim, stealthy swim
a: no special abilities


You were on level 2 of the Dungeon.
You were not hungry.

You visited 1 branch of the dungeon, and saw 3 of its levels.

You collected 58 gold pieces.

Inventory:

Hand Weapons
 a - a +0 spear (weapon)
Armour
 b - a +0 leather armour (worn)
 k - a +0 helmet (worn)
Jewellery
 h - a cursed ring of loudness (left hand)
Scrolls
 e - 2 scrolls of remove curse {unknown}
 f - 2 scrolls of identify {unknown}
 j - a scroll of magic mapping {unknown}
Potions
 g - a potion of curing {unknown}
 i - a potion of invisibility {unknown}
Books
 c - a book of Battle

   Spells                             Type                      Level
   a - Infusion                       Charms                       1
   b - Shroud of Golubria             Charms/Translocation         2
   c - Song of Slaying                Charms                       2
   d - Spectral Weapon                Hexes/Charms                 3
   e - Regeneration                   Charms/Necromancy            3
Comestibles
 d - a ration


   Skills:
 - Level 2.1 Fighting
 + Level 4.8 Polearms
 - Level 0.6 Armour
 - Level 2.6 Dodging
 - Level 2.0 Spellcasting
 - Level 1.2 Hexes
 + Level 3.9 Charms
 - Level 1.1 Translocations


You had one spell level left.
You knew the following spells:

 Your Spells              Type           Power        Failure   Level  Hunger
a - Infusion              Chrm           ##..         7%          1    ##.....
t - Shroud of Golubria    Chrm/Tloc      #.........   19%         2    ###....
x - Spectral Weapon       Hex/Chrm       #.......     34%         3    ####...


Dungeon Overview and Level Annotations

Branches:
Dungeon (3/15)

Altars:


Message History

Unknown command.
Casting: Shroud of Golubria
Confirm with . or Enter, or press ? or * to list all spells.
Space distorts slightly along a thin shroud covering your body.
The quokka bites you but does no damage.
Unknown command.
Attack whom?
Press: ? - help, Dir - move target cursor, f/p - quokka
Aim: a quokka You hit the quokka.
The quokka is moderately wounded.
Your shroud bends the quokka's attack away.
Unknown command.
Attack whom?
Press: ? - help, Dir - move target cursor, f/p - quokka
Aim: a quokka (moderately wounded)
You miss the quokka.
The quokka is moderately wounded.
The quokka bites you.
You die...

.....#.#.#
##..#...#
####.#...#
#...#.### .
#########..##.# .
#...........#.# ..
####.#########.#.#
... ..........#
#...# ....
####......#
##..####.....
#......#
#.(r.........
#......#
#(†@....).#
#......#
#.........#
#.#'####
#.........# ...#.#
#####.#####
#####.# #.# ..#
#.# ### #.. ###


You could see a quokka.

Vanquished Creatures
  A bullfrog skeleton (D:3)
  Robin (D:2)
  A leopard gecko (D:1)
  A ball python (D:1)
  10 goblins
  A hobgoblin (D:3)
  8 jackals
  5 bats
  2 frilled lizards
  3 kobolds
  4 rats
37 creatures vanquished.

Notes
Turn   | Place    | Note
-------+----------+-------------------------------------------
     0 | D:1      | letownia2 the Merfolk Skald began the quest for the Orb.
     0 | D:1      | Reached XP level 1. HP: 16/16 MP: 3/3
    62 | D:1      | Reached skill level 4 in Polearms
    62 | D:1      | Reached XP level 2. HP: 12/22 MP: 0/5
    80 | D:1      | Learned a level 2 spell: Shroud of Golubria
   215 | D:3      | Noticed Robin
   225 | D:3      | Reached skill level 1 in Translocations
   226 | D:3      | Reached XP level 3. HP: 19/27 MP: 0/6
   252 | D:2      | Learned a level 3 spell: Spectral Weapon
   424 | D:2      | Killed Robin
   424 | D:2      | Reached skill level 1 in Hexes
   484 | D:3      | Reached XP level 4. HP: 8/33 MP: 3/7
   491 | D:2      | HP: 1/33 [quokka (4)]
   495 | D:2      | Slain by a quokka

Skill      XL: |  1  2  3 |
---------------+----------+-----
Polearms       | 4 |  4.8
Translocations | 1 |  1.1
Hexes          | 1 |  1.2
Fighting       | |  2.1
Armour         | |  0.6
Dodging        | |  2.6
Spellcasting   | |  2.0
Charms         | |  3.9

Action                   |  1- 3 |  4- 6 || total
-------------------------+-------+-------++-------
Melee: Spear             |   143 |     7 ||   150
 Cast: Infusion          |     3 |       ||     3
       Shroud of Golubri |     8 |     1 ||     9
Armor: Leather armour    |    35 |     3 ||    38
Dodge: Dodged            |    90 |     3 ||    93
